 Seeded DCSS version 0.28.0-62-gf88900778d (webtiles) character file.

Game seed: 13591998346360536447 (custom seed)

18 Psyclone the Conjurer (level 2, 0/15 HPs)
             Began as a Deep Elf Conjurer on Oct 18, 2023.
             Slain by a hound skeleton (2 damage)
             ... on level 4 of the Dungeon.
             The game lasted 00:00:11 (416 turns).

Psyclone the Conjurer (Deep Elf Conjurer)            Turns: 416, Time: 00:00:12

Health: 0/15       AC:  5    Str:  6    XL:     2   Next: 51%
Magic:  3/8        EV: 12    Int: 30    God:
Gold:   3573       SH:  0    Dex: 13    Spells: 4/7 levels left

rFire   x . .      SeeInvis .   (no weapon)
rCold   . . .      Faith    .   (no shield)
rNeg    . . .      Spirit   .   a - +0 robe
rPois   +          Reflect  .   (no helmet)
rElec   .          Harm     .   e - +2 cloak of the Hidden Vale {rPois rF- Str+2 Int+8}
rCorr   .          Rampage  .   (no gloves)
Will    .....                   (no boots)
Stlth   ++........              (no amulet)
HPRegen 0.05/turn               (no ring)
MPRegen 0.11/turn               (no ring)

@: no status effects
A: no striking features
a: no special abilities


You were on level 4 of the Dungeon.
You visited 1 branch of the dungeon, and saw 4 of its levels.

You collected 3573 gold pieces.

Inventory:

Hand Weapons
 b - a +0 dagger
Armour
 a - a +0 robe (worn)
 e - the +2 cloak of the Hidden Vale (worn) {rPois rF- Str+2 Int+8}
   (You acquired it on level 4 of the Dungeon)

   Str:       It affects your strength (+2).
   Int:       It affects your intelligence (+8).
   rF:        It makes you vulnerable to fire.
   rPois:     It protects you from poison.
Scrolls
 d - 3 scrolls of identify {@r1}


   Skills:
 - Level 2.4 Dodging
 - Level 2.4 Stealth
 - Level 3.0 Spellcasting
 + Level 5.2 Conjurations


You had 4 spell levels left.
You knew the following spells:

 Your Spells              Type           Power      Damage    Failure   Level
a - Magic Dart            Conj           100%       1d8       1%          1
b - Searing Ray           Conj           72%        2d7       1%          2

Your spell library contained the following spells:

 Spells                   Type           Power      Damage    Failure   Level
 Static Discharge         Conj/Air       20%        N/A       3%          2
 Dazzling Flash           Conj/Hex       40%        N/A       8%          3
 Fulminant Prism          Conj/Hex       10%        3d9       24%         4
 Iskenderun's Mystic Bla  Conj/Tloc      20%        2d6       24%         4
 Sticky Flame             Conj/Fire      20%        2d4       24%         4
 Dispel Undead            Necr           4%         3d7       56%         4


Dungeon Overview and Level Annotations

Branches:
Dungeon (4/15)
 Temple: D:4-7

Altars:
The Shining One


Message History

The dart slug launches a dart at you.
The slug dart hits you but does no damage.
You see here 4 gold pieces.
The dart slug launches a dart at you. The slug dart misses you.
The dart slug launches a dart at you. The slug dart hits you.
A hound skeleton comes into view.
The dart slug launches a dart at you.
The slug dart hits you but does no damage.
An endoplasm comes into view.
The dart slug bites you but does no damage.
You aren't carrying any potions.
Unknown command.
The dart slug launches a dart at you.
The slug dart hits you but does no damage.
Casting: Magic Dart (safe; 1% risk of failure)
Confirm with . or Enter, or press ? or * to list all spells.
Aiming: Searing Ray (safe; 1% risk of failure)
Press: ? - help, Shift-Dir - straight line, f/p - dart slug
Aim: a dart slug (moderately wounded, 100% to hit)
The searing ray hits the dart slug.
The dart slug is severely wounded. (Press . to maintain the ray.)
You take 3 damage, and have 8/15 hp.
The searing ray hits the dart slug!
You kill the dart slug!
You now have 5/8 mp.
You now have 4/8 mp.
You finish channelling your searing ray.
The hound skeleton bites you. The hound skeleton misses you.
You take 3 damage, and have 5/15 hp.
You now have 3/8 mp.
Things that are here:
a bubbling grey potion; a dart slug corpse The hound skeleton bites you.
* * * LOW HITPOINT WARNING * * *
You take 3 damage, and have 2/15 hp.
There are monsters nearby!
The hound skeleton bites you.
You die...

#........# #....(...#
##.......# .
#.......# ...... #.
#.......# .....#
.#.?#..$....# .....#
....#.......# .....#
...:........# .....#
...#.......@###.....#
## #.)......Z.......#
#.........!......#
#..J.............#
##.#.##..........#
#.#.##..........#
#>#.##..........#
#.#.##..........#
#....###.########


You could see an endoplasm (wandering) and a hound skeleton.

Vanquished Creatures
  A worm (D:2)
  A dart slug (D:4)
  2 endoplasms
  3 jackals (D:1)
  A kobold (D:1)
  2 ball pythons
  3 rats
13 creatures vanquished.

Notes
Turn   | Place    | Note
-------+----------+-------------------------------------------
     0 | D:1      | Psyclone the Deep Elf Conjurer began the quest for the Orb.
     0 | D:1      | Reached XP level 1. HP: 10/10 MP: 6/6
   178 | D:2      | Reached XP level 2. HP: 15/15 MP: 6/8
   181 | D:2      | Learned a level 2 spell: Searing Ray
   211 | D:2      | Reached skill level 5 in Conjurations
   273 | D:2      | Identified 3 scrolls of acquirement
   286 | D:3      | Found a glowing golden altar of the Shining One.
   337 | D:4      | Acquired the +2 cloak of the Hidden Vale {rPois rF- Str+2
                  | Int+8}
   340 | D:4      | Acquired 1255 gold pieces
   346 | D:4      | Acquired 1352 gold pieces
   348 | D:4      | Acquired 913 gold pieces
   416 | D:4      | Slain by a hound skeleton

Illustrated notes

Levels and vault maps discovered:
D:1:      wander_arrival_fairy_ring, layout_basic, chequers_serial_rivers_room_a
D:2:      layout_loops_ring, shapermc_ecumenical_altar_venn, uniq_natasha
D:3:      layout_loops_ring, mainiacjoe_overflow_chevrons,
          gammafunk_ghost_arena, hangedman_glass_teeth
D:4:      layout_basic, nicolae_hepliaklqana_monster_ancestors,
          due_unseen_surprise

Skill      XL: |  1  2 |
---------------+-------+-----
Conjurations   | 5 |  5.2
Dodging        | |  2.4
Stealth        | |  2.4
Spellcasting   | |  3.0

Action                   || total
-------------------------++-------
 Cast: Magic Dart        ||    14
       Searing Ray       ||     2
  Use: Scroll            ||     5
Armor: Robe              ||     6
Dodge: Dodged            ||     6
